Unix NetHack Version 5.0.0-0 post-release - last build Jul 19 2026 19:10:59 (3aa4ab31751d3886436d94b585a96704892fd477,branch:main).

Game began 2026-07-23 22:15:02, ended 2026-07-24 11:31:45.

Eymerich, chaotic male elven Priest

     -------
     |(%...-####  --..---------                    -------
     |!!.[%|   ###-....>......|      ---------     |..(...1#    ---------
     |*[??.|      |...........|     #........|    #......| #    |.......|
     -------      |...........|     #|.......|    #|....^-######..d@....|
                  |...........|######........|    #-------      |.......|
                  |............#    #----.|---    #             ------.--
                  ---------|---     #     ###     ##                  ##
                           #       ##       #      #                   #
                           ####    #        #      #                   #
                              #   ##        ###    #                   #
                              ## ##  --------..----#                   #
                       --------|-#   |............|#                   #
                       |........|#   |............|#                   #
                       |........|[   |............|#                   #
                       |........|#   |............-#              -----.-----
                       |.........#   --------------               |<........|
                       ----------                                 |{........|
                                                                  -----------

Eymerich the Adept           St:14 Dx:12 Co:16 In:12 Wi:13 Ch:13  Chaotic
Dlvl:4  $:0  HP:0(59) Pw:115(115) AC:9  Xp:8 T:10972  Burdened

Latest messages:
 You kill the lizard!
 You see here a lizard corpse.
 You have a little trouble lifting z - a lizard corpse.
 You see here a poisoned dart.
 You have a little trouble lifting U - a poisoned dart (at the ready) (54 in total).
 You hear a thud.
 You hear a jackal howling at the moon.
 In what direction?
 The poisoned dart hits the mountain nymph.
 The mountain nymph stole a blessed +1 hooded cloak.
 The mountain nymph vanishes!
 You see here a poisoned dart.
 You have a little trouble lifting U - a poisoned dart (at the ready) (54 in total).
 What do you want to use or apply? [cfFN or ?*]
 You put 338 gold pieces into the bag.
 In what direction?
 The poisoned dart hits the leprechaun.
 The leprechaun wakes up!
 The leprechaun screams!
 In what direction?
 The poisoned dart hits the leprechaun!
 A dingo suddenly appears!
 What do you want to throw? [hkt-wCELOQUXZ or ?*]
 In what direction?
 The thonged club misses the dingo.
 The thonged club returns to your hand!
 You hear a jackal howling at the moon.
 The dingo bites!
 You hit the dingo.
 The dingo bites!
 You miss the dingo.
 The dingo bites!
 You miss the dingo.
 The dingo bites!
 The dingo bites!
 The dingo bites!
 You hit the dingo!
 The dingo bites!
 The dingo bites!
 You hit the dingo.
 The dingo bites!
 You miss the dingo.
 The dingo bites!
 The dingo bites!
 The dingo bites!
 You hit the dingo!
 The dingo bites!
 The dingo bites!
 You die...
 Do you want your possessions identified? [ynq] (y)

Inventory:
 Amulets  ('"')
  g - an amulet of restful sleep
 Weapons  (')')
  O - a blessed +1 arrow
  h - a blessed corroded +0 arrow
  E - 3 +0 arrows
  C - a +0 bow (alternate weapon; not wielded)
  k - a +0 sling
  Q - 8 blessed +0 darts
  X - 7 +0 darts
  U - 52 poisoned +0 darts (at the ready)
  Z - 10 +0 shuriken
  w - a blessed +1 dagger
  v - a +0 elven dagger
  u - 3 +0 orcish daggers
  t - a +2 aklys (tethered to right hand)
  L - a +0 elven broadsword
 Armor    ('[')
  G - a +0 pair of kicking boots (being worn)
 Comestibles  ('%')
  B - an apple
  m - 2 cloves of garlic
  y - a female lizard corpse
  z - a male lizard corpse
 Scrolls  ('?')
  Y - 4 scrolls of blank paper
  r - a scroll of create monster
  P - a scroll of enchant weapon
  b - a scroll of genocide
  n - a scroll of taming
  e - 2 scrolls of teleportation
 Spellbooks  ('+')
  f - a spellbook of restore ability
 Potions  ('!')
  l - a blessed potion of healing
  S - 2 potions of healing
  M - a potion of sickness
 Rings    ('=')
  I - a ring of free action
  q - a ring of warning (on right hand)
 Tools    ('(')
  F - a sack containing 22 items
  c - a credit card
  N - a tin whistle
 Gems/Stones  ('*')
  s - a ruby named hard
  V - a worthless piece of black glass named soft

Contents of the sack:
  1126 gold pieces
  a +0 aklys
  2 slime molds
  2 cloves of garlic
  a cram ration
  3 food rations
  a scroll of food detection
  2 scrolls of light
  a scroll of create monster
  a scroll of genocide
  a scroll of teleportation
  a potion of booze
  a potion of gain ability
  a potion of healing
  4 potions of holy water
  2 potions of water
  a blessed wax candle
  a magic marker (0:22)
  a tin whistle
  a worthless piece of orange glass named soft
  2 worthless pieces of red glass named soft
  a worthless piece of yellowish brown glass named soft

Eymerich the Priest's attributes:

Background:
 You were an Adept, a level 8 elven Priest.
 You were chaotic, on a mission for Huan Ti
 who was opposed by Shan Lai Ching (lawful) and Chih Sung-tzu (neutral).
 You were right-handed.
 You were in the Dungeons of Doom, on level 4.
 You entered the dungeon 10972 turns ago.
 You had 1974 experience points, 586 more were needed to attain level 9.

Basics:
 You had 0 out of 59 hit points.
 You had all 115 energy points (spell power).
 Your armor class was 9.
 Your wallet was empty, but
 you had 1126 zorkmids stashed away in your pack.
 Autopickup was off.

Final Characteristics:
 Your strength was 14 (limit:18).
 Your dexterity was 12 (peak:13, limit:18).
 Your constitution was 16 (limit:16).
 Your intelligence was 12 (limit:20).
 Your wisdom was 13 (peak:14, limit:20).
 Your charisma was 13 (limit:18).

Final Status:
 You weren't hungry.
 You were burdened; movement was slightly slowed.
 You were wielding a club.
 You were unskilled in club.

Final Attributes:
 You were piously aligned.
 You were sleep resistant.
 You were telepathic.
 You were warned.
 You had infravision.
 You are dead.

Miscellaneous:
 You didn't encounter any bones levels.
 Total elapsed playing time was 2 hours, 3 minutes and 22 seconds.

Major events:
 Turn
    1: Eymerich the chaotic elven Priest entered the dungeon
  713: attained the rank of Acolyte (level 3)
 1516: entered the Gnomish Mines
 1703: read a Discworld novel
 3896: attained the rank of Adept (level 6)
10972: killed by a dingo

Spells:
 Name                 Level Category     Fail Retention
 detect monsters        1   divination    14%   26%-50%
 cure sickness          3   healing      100%   26%-50%
 healing                1   healing        0%  76%-100%
 magic missile          2   attack        87%  76%-100%

Skills:
 Fighting Skills
   bare handed combat [Unskilled]
 Weapon Skills
   club               [Unskilled]
   mace               [Expert]
   morning star       [Unskilled]
   flail              [Unskilled]
   hammer             [Unskilled]
   quarterstaff       [Unskilled]
   polearms           [Unskilled]
   spear              [Unskilled]
   trident            [Unskilled]
   lance              [Unskilled]
   bow                [Basic]
   sling              [Unskilled]
   crossbow           [Unskilled]
   dart               [Unskilled]
   shuriken           [Unskilled]
   boomerang          [Unskilled]
   unicorn horn       [Unskilled]
 Spellcasting Skills
   healing spells     [Unskilled]
   divination spells  [Unskilled]
   clerical spells    [Basic]

Voluntary challenges:
 Character rerolling was not enabled.
 You never genocided any monsters.
 You never polymorphed an object.
 You never changed form.
 You used no wishes.
Achievements:
 You attained the rank of Acolyte.
 You entered a shop.
 You entered the Gnomish Mines.
 You read from a Discworld novel.
 You attained the rank of Adept.

 The Dungeons of Doom: levels 1 to 7
    Level 1:
    Level 2: "locked box"
       A food shop, an altar, a fountain.
    Level 3:
       A scroll shop, a fountain.
       Stairs down to The Gnomish Mines.
    Level 4: "vault" <- You were here.
       A general store, a fountain.
       Final resting place for
          you, killed by a dingo.
    Level 5:
       A fountain.
    Level 6:
    Level 7:
 The Gnomish Mines: levels 4 to 6
    Level 4:
    Level 5:
    Level 6:


Vanquished creatures:
 an elf mummy
  a leather golem
  3 wolves
  a spotted jelly
  4 leprechauns
  2 iron piercers
  a mumak
  a vampire bat
  a yeti
  3 lizards
  2 dingoes
  2 housecats
  2 ravens
  a snake
 an ape
  a rope golem
  2 wood nymphs
  a water nymph
  a rock mole
  a pony
  2 fog clouds
  2 yellow lights
  a shrieker
  a violet fungus
  4 gnome leaders
  2 gnomish wizards
  a kobold mummy
  a golden naga hatchling
  a gray ooze
  3 elf zombies
  a paper golem
  9 giant ants
  4 floating eyes
  a kitten
  8 dwarves
  2 homunculi
  a kobold leader
  6 hill orcs
  2 rothes
  2 rabid rats
  a giant bat
  a monkey
  2 orc zombies
  a wererat
  a werejackal
  6 iguanas
  3 killer bees
  3 acid blobs
  5 coyotes
  5 hobbits
  3 manes
  4 large kobolds
  5 hobgoblins
  3 giant rats
  a cave spider
  2 brown molds
  3 yellow molds
  a green mold
  a red mold
 26 gnomes
 11 garter snakes
  a gnome zombie
  4 geckos
 14 jackals
  2 foxes
  a kobold
  6 goblins
  7 sewer rats
 12 grid bugs
  3 bats
  5 lichens
  2 kobold zombies
 12 newts
243 creatures vanquished.

No species were genocided or became extinct.

Game over:
                       ----------
                      /          \
                     /    REST    \
                    /      IN      \
                   /     PEACE      \
                  /                  \
                  |     Eymerich     |
                  |     1126 Au      |
                  |   killed by a    |
                  |      dingo       |
                  |                  |
                  |                  |
                  |       2026       |
                 *|     *  *  *      | *
        _________)/\\_//(\/(/\)/\//\/|_)_______

Goodbye Eymerich the Priest...

You died in The Dungeons of Doom on dungeon level 4 with 9250 points,
and 1126 pieces of gold, after 10972 moves.
You were level 8 with a maximum of 59 hit points when you died.

